 Dungeon Crawl Stone Soup version 0.23.2-40-g277498a001 (webtiles) character file.

Game seed: 10892777080387281772

39334 CitizenNev the Warrior (level 14, -3/135 HPs)
             Began as a Hill Orc Fighter on Aug 20, 2019.
             Slain by Jorgrun
             ... wielding an uncursed staff of earth
              (19 damage)
             ... on level 2 of the Orcish Mines.
             The game lasted 00:45:34 (16173 turns).

CitizenNev the Warrior (Hill Orc Fighter)          Turns: 16173, Time: 00:45:34

Health: -3/135     AC: 23    Str: 32      XL:     14   Next: 6%
Magic:  14/14      EV:  6    Int:  6 (8)  God:
Gold:   1167       SH: 11    Dex: 10      Spells: 13/13 levels left

rFire    . . .     SeeInvis .   H - +10 morningstar "Eos" {elec, Halo rElec}
rCold    . . .     Gourm    .   c - +0 shield
rNeg     . . .     Faith    .   w - +3 chain mail
rPois    .         Spirit   .   J - +0 helmet
rElec    +         Reflect  .   a - +2 cloak {+Inv}
rCorr    .         Harm     .   p - +2 pair of gloves
MR       +....                  u - +2 pair of boots
Stlth    ..........             q - amulet of rage
HPRegen  0.32/turn              y - +3 ring of evasion
MPRegen  0.14/turn              b - +3 ring of strength

@: mighty, grasped by roots, glowing, constricted, very heavily drained
A: no striking features
a: Evoke Berserk Rage, Evoke Invisibility


You were on level 2 of the Orcish Mines.
You were not hungry.

You visited 3 branches of the dungeon, and saw 17 of its levels.

You collected 1359 gold pieces.
You spent 192 gold pieces at shops.

Inventory:

Hand Weapons
 H - the +10 morningstar "Eos" (weapon) {elec, Halo rElec}
   (You took it off a crimson imp on level 7 of the Dungeon)

   Occasionally, upon striking a foe, it will discharge some electrical energy
   and cause terrible harm.
   It insulates you from electricity.
Armour
 a - a +2 cloak of invisibility (worn)
 c - a +0 shield (worn)
 p - a +2 pair of gloves (worn)
 u - a +2 pair of boots (worn)
 v - a +1 chain mail of poison resistance
 w - a +3 chain mail (worn)
 J - a +0 helmet (worn)
Jewellery
 b - a +3 ring of strength (right hand)
 n - an uncursed ring of resist corrosion
 q - an amulet of rage (around neck)
 s - an uncursed ring of protection from magic
 y - a +3 ring of evasion (left hand)
 G - a +2 ring of strength
Wands
 z - a wand of digging (3)
 F - a wand of disintegration (10)
Scrolls
 e - 2 scrolls of fear {unknown}
 l - 3 scrolls of teleportation
 m - 8 scrolls of remove curse
 r - a scroll of holy word
 t - 3 scrolls of magic mapping
 x - 4 scrolls of amnesia
 A - 14 scrolls of identify
 B - a scroll of blinking
 D - 3 scrolls of enchant armour
Potions
 d - a potion of might
 g - a potion of resistance
 h - a potion of curing
 i - a potion of agility
 k - a potion of mutation
 o - 2 potions of cancellation
 C - 3 potions of flight
 E - 2 potions of brilliance
 I - a potion of haste
Comestibles
 f - 17 rations


   Skills:
 - Level 15.0(8.8) Fighting
   Level 10.2(8.6) Axes
 - Level 14.7(9.2) Maces & Flails
 * Level 10.6(5.1) Armour
 - Level 10.0(4.5) Shields


You had 13 spell levels left.
You didn't know any spells.
Your spell library contained the following spells:

 Spells                   Type           Power        Failure   Level  Hunger
 Animate Skeleton         Necr           N/A          100%        1    ##.....
 Beastly Appendage        Tmut           #.....       100%        1    ##.....
 Corona                   Hex            #......      100%        1    ##.....
 Magic Dart               Conj           #...         100%        1    ##.....
 Pain                     Necr           #...         100%        1    ##.....
 Blink                    Tloc           N/A          100%        2    ###....
 Call Imp                 Summ           #.......     100%        2    ###....
 Ensorcelled Hibernation  Hex/Ice        #.....       100%        2    ###....
 Slow                     Hex            #.......     100%        2    ###....
 Sticks to Snakes         Tmut           #.......     100%        2    ###....
 Confuse                  Hex            #.......     100%        3    ####...
 Conjure Flame            Conj/Fire      #.......     100%        3    ####...
 Dazzling Spray           Conj/Hex       #.....       100%        3    ####...
 Mephitic Cloud           Conj/Pois/Air  #.......     100%        3    ####...
 Regeneration             Chrm/Necr      #.........   100%        3    ####...
 Spider Form              Tmut/Pois      #.........   100%        3    ####...
 Tukima's Dance           Hex            #.......     100%        3    ####...
 Vampiric Draining        Necr           #.........   100%        3    ####...
 Animate Dead             Necr           N/A          100%        4    #####..
 Ice Form                 Ice/Tmut       #.......     100%        4    #####..
 Blade Hands              Tmut           #.........   100%        5    ######.


Dungeon Overview and Level Annotations

Branches:
Dungeon (14/15)            Temple (1/1) D:6            Lair (0/6) D:9
    Orc (2/2) D:11            Elf (0/3) Orc:2        Vaults (0/5) D:13

Altars:
Ashenzari
Cheibriados
Dithmenos
Elyvilon
Fedhas
Gozag
Hepliaklqana
Kikubaaqudgha
Makhleb
Nemelex Xobeh
Okawaru
Qazlal
Ru
Sif Muna
Trog
Uskayaw
Vehumet
Wu Jian
Xom
Yredelemnul
Zin
The Shining One
Beogh

Shops:
D:6 }   D:9 !   Orc:2 :}[?

Annotations:
D:14 1 runed translucent door, Agnes; Dexcius's ghost, journeyman MiBe
Orc:2 1 transporter, Hylith's ghost, journeyman GrFi; Jorgrun


Message History

Jorgrun is lightly wounded.
Jorgrun casts a spell at you.
Roots burst forth from the earth!
The grasping roots grab you! The grasping roots constrict you.
You sock Jorgrun!
Jorgrun is moderately wounded.
Jorgrun completely misses you. The grasping roots constrict you.
Jorgrun gestures at you while chanting. The iron shot hits you!!
* * * LOW HITPOINT WARNING * * *
x2 The grasping roots constrict you.
You feel better. You block Jorgrun's attack.
* * * LOW HITPOINT WARNING * * *
The grasping roots constrict you!
You feel better.
You feel very mighty all of a sudden.
Jorgrun hits you with an uncursed staff of earth.
* * * LOW HITPOINT WARNING * * *
You die...

..........##.##....##
..........###..#.################
...........#....#................
.....#####.....##................
...###...###....#..######..######
..##3.....©#.......#∩...#..#.._..
..#..#.#...#.......#....#..#.....
..#..#.#...#....)g.#....#..#.....
..##.....#.##...@..#.)))#..###'##
...#5.#...#.#......###)##........
..©#5=.©#...#...............8...8
#..#|#.....##......###[##........
#.##$#...#.#©...#..#.)))#.......)
#.#..#.##..##...#..#....#..###.##
#.#.#...#...#......#∩...#..# #.#
..##..#....##......######..###.##
...#.W....##.....................


You could see Jorgrun.

Vanquished Creatures
  Erolcha (D:9)
  2 ogre magi (D:13)
  5 two-headed ogres
  2 tengu warriors (D:14)
  A deep elf knight (D:13)
  3 skeletal warriors (D:12)
  3 unseen horrors
  Pikel (D:6)
  4 orc knights
  5 orc sorcerers (Orc:2)
  7 deep elf magi (D:13)
  3 cyclopes
  3 ugly things
  A manticore (D:12)
  Joseph (D:9)
  A kobold demonologist (D:13)
  5 trolls
  2 tengu conjurers
  A meliai zombie (D:12)
  4 hippogriffs
  9 slime creatures
  A spriggan (D:7)
  A wyvern (D:14)
  10 yaks
  2 wraiths
  Grum (D:9)
  A hungry ghost (D:11)
  4 neqoxecs (Orc:2)
  6 vampire mosquitoes
  7 wargs (Orc:2)
  Menkaure (D:6)
  Edmund (D:4)
  A soldier ant (D:12)
  Duvessa (D:5)
  A porcupine (D:9)
  2 water moccasins
  An ice beast (D:8)
  15 orc warriors
  A black bear (D:9)
  2 slaves (D:6)
  2 phantoms
  A necrophage (D:8)
  12 ogres
  An eye of draining (D:12)
  4 wolves (D:9)
  2 crocodiles
  5 centaurs
  4 big kobolds
  Blork the orc (D:6)
  9 bullfrogs
  Dowan (D:5)
  4 scorpions
  A water moccasin skeleton (D:7)
  23 killer bees
  4 wights (D:6)
  3 howler monkeys
  8 crimson imps
  4 quasits
  3 bullfrog zombies
  2 centaur zombies
  6 jellies
  7 orc priests
  2 centaur skeletons
  3 hounds
  39 orc wizards
  3 bullfrog skeletons
  A gnoll shaman (D:6)
  Ijyb (D:4)
  6 iguanas
  6 worker ants
  A killer bee zombie (D:8)
  A hound skeleton (D:6)
  A worker ant zombie (D:9)
  11 gnolls
  A howler monkey skeleton (D:10)
  8 adders
  2 shadow imps
  An ooze (D:1)
  An adder skeleton (D:6)
  2 adder zombies
  4 worms
  2 dart slugs
  8 leopard geckos
  84 orcs
  3 bats
  3 giant cockroaches
  15 goblins
  7 hobgoblins
  9 jackals
  A quokka (D:8)
  2 ball pythons (D:1)
  8 frilled lizards
  A jackal skeleton (D:6)
  17 kobolds
  3 quokka skeletons
  9 rats
496 creatures vanquished.

Vanquished Creatures (others)
  13 fungi (D:9)
13 creatures vanquished.

Grand Total: 509 creatures vanquished

Notes
Turn   | Place    | Note
-------+----------+-------------------------------------------
     0 | D:1      | CitizenNev the Hill Orc Fighter began the quest for the
                  | Orb.
     0 | D:1      | Reached XP level 1. HP: 19/19 MP: 1/1
    43 | D:1      | Reached XP level 2. HP: 21/26 MP: 2/2
   435 | D:1      | Reached XP level 3. HP: 29/31 MP: 3/3
   806 | D:2      | Reached skill level 5 in Axes
  1098 | D:2      | Reached XP level 4. HP: 39/39 MP: 4/4
  2490 | D:3      | Found a hazy altar of Hepliaklqana.
  2752 | D:4      | Reached XP level 5. HP: 45/45 MP: 5/5
  2819 | D:4      | Noticed Ijyb
  2838 | D:4      | Killed Ijyb
  2987 | D:4      | Noticed Edmund
  2996 | D:4      | Killed Edmund
  2996 | D:4      | Reached XP level 6. HP: 51/51 MP: 6/6
  3677 | D:5      | Entered Level 5 of the Dungeon
  3712 | D:5      | Reached XP level 7. HP: 45/57 MP: 7/7
  3828 | D:5      | Reached skill level 10 in Axes
  3846 | D:5      | Reached skill level 4 in Fighting
  3897 | D:5      | Reached skill level 5 in Fighting
  3977 | D:5      | Reached skill level 6 in Fighting
  3977 | D:5      | Reached XP level 8. HP: 71/71 MP: 8/8
  3987 | D:5      | Found an ornate altar of the Wu Jian Council.
  4103 | D:5      | Reached skill level 7 in Fighting
  4280 | D:5      | Noticed Duvessa
  4280 | D:5      | Noticed Dowan
  4296 | D:5      | Killed Duvessa
  4312 | D:5      | Killed Dowan
  4312 | D:5      | Reached skill level 8 in Fighting
  4481 | D:6      | Noticed Blork the orc
  4505 | D:6      | Killed Blork the orc
  4514 | D:6      | Reached skill level 9 in Fighting
  4815 | D:6      | Found a staircase to the Ecumenical Temple.
  4816 | D:6      | Noticed Pikel
  4836 | D:6      | Killed Pikel
  4836 | D:6      | Reached skill level 11 in Fighting
  4836 | D:6      | Reached XP level 9. HP: 64/89 MP: 9/9
  4862 | Temple   | Entered the Ecumenical Temple
  5101 | D:6      | Noticed Menkaure
  5394 | D:6      | Killed Menkaure
  5638 | D:6      | Found Samnooz's Gadget Shoppe.
  6286 | D:7      | Reached skill level 5 in Armour
  6703 | D:7      | Found a sparkling altar of Nemelex Xobeh.
  7158 | D:8      | Reached skill level 5 in Maces & Flails
  7241 | D:8      | Reached XP level 10. HP: 90/96 MP: 10/10
  7759 | D:9      | Noticed Joseph
  7770 | D:9      | Killed Joseph
  7873 | D:9      | Found a shimmering altar of Xom.
  7954 | D:9      | Found Atso's Distillery.
  7983 | D:9      | Bought a potion of mutation for 96 gold pieces
  7983 | D:9      | Bought a potion of heal wounds for 60 gold pieces
  7983 | D:9      | Bought a potion of flight for 36 gold pieces
  8033 | D:9      | Noticed a two-headed ogre
  8037 | D:9      | Killed a two-headed ogre
  8114 | D:9      | Noticed Grum
  8124 | D:9      | Killed Grum
  8204 | D:9      | Reached XP level 11. HP: 90/102 MP: 11/11
  8422 | D:9      | Found a staircase to the Lair.
  8509 | D:9      | Found a shadowy altar of Dithmenos.
  8509 | D:9      | Found an iron altar of Okawaru.
  8510 | D:9      | Noticed Erolcha
  8514 | D:9      | Killed Erolcha
  8618 | D:10     | Entered Level 10 of the Dungeon
  8733 | D:10     | Noticed an unseen horror
  8747 | D:10     | Killed an unseen horror
  8747 | D:10     | Reached skill level 10 in Shields
  9763 | D:11     | Noticed an unseen horror
  9768 | D:11     | Killed an unseen horror
  9800 | D:11     | Noticed an orc knight
  9809 | D:11     | Killed an orc knight
  9908 | D:11     | Noticed an orc knight
  9919 | D:11     | Killed an orc knight
 10040 | D:11     | Noticed an orc knight
 10050 | D:11     | Killed an orc knight
 10308 | D:11     | Noticed an unseen horror
 10313 | D:11     | Killed an unseen horror
 10313 | D:11     | Reached skill level 10 in Armour
 10323 | D:11     | Noticed a green ugly thing
 10331 | D:11     | Killed a green ugly thing
 10331 | D:11     | Reached XP level 12. HP: 97/112 MP: 12/12
 10341 | D:11     | Reached skill level 12 in Fighting
 10660 | D:11     | Reached skill level 13 in Fighting
 10764 | D:11     | Found a roughly hewn altar of Beogh.
 10764 | D:11     | Found a staircase to the Orcish Mines.
 10990 | D:12     | Found a shimmering altar of Xom.
 11104 | D:12     | Reached skill level 14 in Fighting
 11574 | D:12     | Reached skill level 15 in Fighting
 11973 | D:13     | Found an ancient bone altar of Kikubaaqudgha.
 11993 | D:13     | Reached skill level 10 in Maces & Flails
 12339 | D:13     | Reached XP level 13. HP: 118/126 MP: 13/13
 13541 | D:13     | Found a gate to the Vaults.
 13998 | D:14     | Noticed Dexcius's ghost (journeyman MiBe)
 13999 | D:14     | Found a runed translucent door.
 14041 | D:14     | Noticed Agnes
 14428 | Orc:1    | Entered Level 1 of the Orcish Mines
 14475 | Orc:2    | Entered Level 2 of the Orcish Mines
 14501 | Orc:2    | Found a shimmering altar of Xom.
 14564 | Orc:2    | Found a transporter.
 14567 | Orc:2    | Noticed Hylith's ghost (journeyman GrFi)
 14673 | Orc:2    | Found a staircase to the Elven Halls.
 14708 | Orc:2    | Found a roughly hewn altar of Beogh.
 15005 | Orc:2    | Found a roughly hewn altar of Beogh.
 15151 | Orc:2    | Found Baptugusk's Gadget Boutique.
 15192 | Orc:2    | Found Dexotair's Book Shoppe.
 15203 | Orc:2    | Reached XP level 14. HP: 131/135 MP: 14/14
 15222 | Orc:2    | Found a transporter.
 15288 | Orc:2    | Found a roughly hewn altar of Beogh.
 15588 | Orc:2    | Found Ilucinos's Magic Scroll Boutique.
 15605 | Orc:2    | Found Curehye's Armour Shoppe.
 16162 | Orc:1    | Noticed Jorgrun
 16173 | Orc:2    | Slain by Jorgrun

Skill      XL: |  1  2  3  4  5  6  7  8  9 10 11 12 13 |
---------------+----------------------------------------+-----
Axes           | 3 4 5 6 8 9 10 | 10.2
Fighting       | 6 11 15 | 15.0
Armour         | 5 10 | 10.6
Maces & Flails | 5 8 10 14 | 14.7
Shields        | 8 10 | 10.0

Action                   |  1- 3 |  4- 6 |  7- 9 | 10-12 | 13-15 || total
-------------------------+-------+-------+-------+-------+-------++-------
Melee: War axe           |   108 |   181 |   303 |       |       ||   592
       Morningstar       |       |       |    39 |   431 |   352 ||   822
 Abil: Evoke Berserk Rag |       |     2 |     3 |       |     1 ||     6
  Use: Scroll            |     2 |     8 |     3 |     2 |     4 ||    19
       Potion            |     2 |     5 |     1 |       |     7 ||    15
  Eat: Chunk             |       |     7 |    12 |    13 |     4 ||    36
       Ration            |       |     1 |     1 |     1 |     3 ||     6
Armor: Scale mail        |    50 |    44 |       |       |       ||    94
       Chain mail        |       |    32 |   173 |   203 |   188 ||   596
Dodge: Dodged            |    20 |    48 |    70 |   181 |   125 ||   444
Block: Shield            |    51 |    75 |   166 |   291 |   225 ||   808
